Workbook

Sheet ANEXO 1 - COTIZACIONES
A1: ANEXO 1 - ANALISIS DE COTIZACIONES
D2: Seccional Santander en Bucaramanga y Área Metropolitana, San Gil, Barbosa, Málaga, Barrancabermeja. En la Seccional Norte de Santander en Cúcuta, Ocaña y Área Metropolita; en la seccional Arauca en Arauca.
A3: NECESIDAD | G3: COTIZACION 1 IVESUR Colombia S.A | I3: COTIZACION 2 C.D.A. REVITEC LA ROSITA | K3: VALOR COTIZACIÓN HÁBIL MÁS BAJA | L3: PROMEDIO | M3: VALOR COTIZACIÓN HÁBIL MÁS ALTA | N3: PORCENTAJE DIFERENCIAL (BAJA/PROMEDIO) | O3: MEDIA ARITMETICA BAJA | Q3: ANALISIS DE COTIZACIONES
A4: ÍTEM | B4: TIPO DE VEHICULO | C4: DESCRIPCIÓN BIEN O SERVICIO RANGO DEL MODELO | D4: UNIDAD DE MEDIDA | E4: CANTIDAD | G4: VALOR UNITARIO SIN IVA | I4: VALOR UNITARIO SIN IVA | K4: VALOR UNITARIO SIN IVA | L4: VALOR UNITARIO SIN IVA | M4: VALOR UNITARIO SIN IVA | N4: 40% > / < | O4: VALOR UNITARIO SIN IVA | Q4: VALOR UNITARIO SIN IVA | R4: VALOR IVA | S4: VALOR UNITARIO INCLUIDO IVA | T4: VALOR TOTAL INCLUIDO IVA
A5: 1 | B5: MOTOCICLETAS | C5: 0 A 2 | D5: UND | E5: 1 | G5: 206428.23 | I5: 206428.23 | K5: =ROUND(MIN(G5,I5),0) -> 206428 | L5: =ROUND(AVERAGE(G5,I5),0) -> 206428 | M5: =+MAX(G5,I5) -> 206428.23 | N5: =+(M5/K5)-1 -> 1.0991278e-06 | O5: =+ROUND(AVERAGE(K5,L5),0) -> 206428 | Q5: =+L5 -> 206428 | R5: =ROUND(Q5*19%,0) -> 39221 | S5: =+R5+Q5 -> 245649 | T5: =+S5*E5 -> 245649
A6: 2 | C6: 3 A 7 | D6: UND | E6: 1 | G6: 206680.33 | I6: 206680.33 | K6: =ROUND(MIN(G6,I6),0) -> 206680 | L6: =ROUND(AVERAGE(G6,I6),0) -> 206680 | M6: =+MAX(G6,I6) -> 206680.33 | N6: =+(M6/K6)-1 -> 1.5856933e-06 | O6: =+ROUND(AVERAGE(K6,L6),0) -> 206680 | Q6: =+L6 -> 206680 | R6: =ROUND(Q6*19%,0) -> 39269 | S6: =+R6+Q6 -> 245949 | T6: =+S6*E6 -> 245949
A7: 3 | C7: 8 A 16 | D7: UND | E7: 1 | G7: 206932.43 | I7: 206932.43 | K7: =ROUND(MIN(G7,I7),0) -> 206932 | L7: =ROUND(AVERAGE(G7,I7),0) -> 206932 | M7: =+MAX(G7,I7) -> 206932.43 | N7: =+(M7/K7)-1 -> 2.0710737e-06 | O7: =+ROUND(AVERAGE(K7,L7),0) -> 206932 | Q7: =+L7 -> 206932 | R7: =ROUND(Q7*19%,0) -> 39317 | S7: =+R7+Q7 -> 246249 | T7: =+S7*E7 -> 246249
A8: 4 | C8: 17 A MAS | D8: UND | E8: 1 | G8: 206680.33 | I8: 206680.33 | K8: =ROUND(MIN(G8,I8),0) -> 206680 | L8: =ROUND(AVERAGE(G8,I8),0) -> 206680 | M8: =+MAX(G8,I8) -> 206680.33 | N8: =+(M8/K8)-1 -> 1.5856933e-06 | O8: =+ROUND(AVERAGE(K8,L8),0) -> 206680 | Q8: =+L8 -> 206680 | R8: =ROUND(Q8*19%,0) -> 39269 | S8: =+R8+Q8 -> 245949 | T8: =+S8*E8 -> 245949
A9: 5 | B9: LIVIANOS | C9: 0 A 2 | D9: UND | E9: 1 | G9: 306806.39 | I9: 306806.39 | K9: =ROUND(MIN(G9,I9),0) -> 306806 | L9: =ROUND(AVERAGE(G9,I9),0) -> 306806 | M9: =+MAX(G9,I9) -> 306806.39 | N9: =+(M9/K9)-1 -> 1.2873216e-06 | O9: =+ROUND(AVERAGE(K9,L9),0) -> 306806 | Q9: =+L9 -> 306806 | R9: =ROUND(Q9*19%,0) -> 58293 | S9: =+R9+Q9 -> 365099 | T9: =+S9*E9 -> 365099
A10: 6 | C10: 3 A 7 | D10: UND | E10: 1 | G10: 307058.5 | I10: 307058.5 | K10: =ROUND(MIN(G10,I10),0) -> 307058 | L10: =ROUND(AVERAGE(G10,I10),0) -> 307058 | M10: =+MAX(G10,I10) -> 307058.5 | N10: =+(M10/K10)-1 -> 1.6146732e-06 | O10: =+ROUND(AVERAGE(K10,L10),0) -> 307058 | Q10: =+L10 -> 307058 | R10: =ROUND(Q10*19%,0) -> 58341 | S10: =+R10+Q10 -> 365399 | T10: =+S10*E10 -> 365399
A11: 7 | C11: 8 A 16 | D11: UND | E11: 1 | G11: 307394.63 | I11: 307394.63 | K11: =ROUND(MIN(G11,I11),0) -> 307395 | L11: =ROUND(AVERAGE(G11,I11),0) -> 307395 | M11: =+MAX(G11,I11) -> 307394.63 | N11: =+(M11/K11)-1 -> -1.2028429e-06 | O11: =+ROUND(AVERAGE(K11,L11),0) -> 307395 | Q11: =+L11 -> 307395 | R11: =ROUND(Q11*19%,0) -> 58405 | S11: =+R11+Q11 -> 365800 | T11: =+S11*E11 -> 365800
A12: 8 | C12: 17 A MAS | D12: UND | E12: 1 | G12: 307058.5 | I12: 307058.5 | K12: =ROUND(MIN(G12,I12),0) -> 307058 | L12: =ROUND(AVERAGE(G12,I12),0) -> 307058 | M12: =+MAX(G12,I12) -> 307058.5 | N12: =+(M12/K12)-1 -> 1.6146732e-06 | O12: =+ROUND(AVERAGE(K12,L12),0) -> 307058 | Q12: =+L12 -> 307058 | R12: =ROUND(Q12*19%,0) -> 58341 | S12: =+R12+Q12 -> 365399 | T12: =+S12*E12 -> 365399
A13: 9 | B13: PESADOS | C13: 0 A 2 | D13: UND | E13: 1 | G13: 470672.23 | I13: 470672.23 | K13: =ROUND(MIN(G13,I13),0) -> 470672 | L13: =ROUND(AVERAGE(G13,I13),0) -> 470672 | M13: =+MAX(G13,I13) -> 470672.23 | N13: =+(M13/K13)-1 -> 4.8205705e-07 | O13: =+ROUND(AVERAGE(K13,L13),0) -> 470672 | Q13: =+L13 -> 470672 | R13: =ROUND(Q13*19%,0) -> 89428 | S13: =+R13+Q13 -> 560100 | T13: =+S13*E13 -> 560100
A14: 10 | C14: 3 A 7 | D14: UND | E14: 1 | G14: 470924.33 | I14: 470924.33 | K14: =ROUND(MIN(G14,I14),0) -> 470924 | L14: =ROUND(AVERAGE(G14,I14),0) -> 470924 | M14: =+MAX(G14,I14) -> 470924.33 | N14: =+(M14/K14)-1 -> 6.9593202e-07 | O14: =+ROUND(AVERAGE(K14,L14),0) -> 470924 | Q14: =+L14 -> 470924 | R14: =ROUND(Q14*19%,0) -> 89476 | S14: =+R14+Q14 -> 560400 | T14: =+S14*E14 -> 560400
A15: 11 | C15: 8 A 16 | D15: UND | E15: 1 | G15: 471176.43 | I15: 471176.43 | K15: =ROUND(MIN(G15,I15),0) -> 471176 | L15: =ROUND(AVERAGE(G15,I15),0) -> 471176 | M15: =+MAX(G15,I15) -> 471176.43 | N15: =+(M15/K15)-1 -> 9.0957822e-07 | O15: =+ROUND(AVERAGE(K15,L15),0) -> 471176 | Q15: =+L15 -> 471176 | R15: =ROUND(Q15*19%,0) -> 89523 | S15: =+R15+Q15 -> 560699 | T15: =+S15*E15 -> 560699
A16: 12 | C16: 17 A MAS | D16: UND | E16: 1 | G16: 470924.33 | I16: 470924.33 | K16: =ROUND(MIN(G16,I16),0) -> 470924 | L16: =ROUND(AVERAGE(G16,I16),0) -> 470924 | M16: =+MAX(G16,I16) -> 470924.33 | N16: =+(M16/K16)-1 -> 6.9593202e-07 | O16: =+ROUND(AVERAGE(K16,L16),0) -> 470924 | Q16: =+L16 -> 470924 | R16: =ROUND(Q16*19%,0) -> 89476 | S16: =+R16+Q16 -> 560400 | T16: =+S16*E16 -> 560400
A17: TOTAL | T17: =SUM(T5:T16) -> 4687092
C19: NOTAS:
C20: 1) Se realizó el estudio con 2 cotizaciones de empresas del mercado que cuentan con catálogos para la venta libre al publico
C21: 2) Para establecer el valor del mercado; se utiliza la formula promedio
C22: 3) En el presente análisis se aplicó el procedimiento de aproximación generalmente aceptado por las reglas matemáticas denominado redondeo, que consiste en acercar los valores decimales al número entero más aproximado (esto es, si el tercer decimal es menor que 5, el segundo decimal se mantiene; si el tercer decimal es igual o mayor que 5, el segundo decimal se incrementa en uno)

Sheet ANEXO 2 - PROY COSTOS
A1: ANEXO 2 - PROYECCION COSTOS
D2: Seccional Santander en Bucaramanga y Área Metropolitana, San Gil, Barbosa, Málaga, Barrancabermeja. En la Seccional Norte de Santander en Cúcuta, Ocaña y Área Metropolita; en la seccional Arauca en Arauca.
A3: NECESIDAD | G3: ANALISIS COTIZACIONES | I3: PROYECCION COSTOS 2026
A4: ÍTEM | B4: TIPO DE VEHICULO | C4: DESCRIPCIÓN BIEN O SERVICIO RANGO DEL MODELO | D4: UNIDAD DE MEDIDA | E4: CANTIDAD | G4: VALOR UNITARIO SIN IVA | I4: VALOR UNITARIO SIN IVA | J4: VALOR IVA | K4: VALOR UNITARIO INCLUIDO IVA | L4: VALOR TOTAL INCLUIDO IVA
A5: ='ANEXO 1 - COTIZACIONES'!A5 -> 1 | B5: MOTOCICLETAS | C5: ='ANEXO 1 - COTIZACIONES'!C5 -> 0 A 2 | D5: ='ANEXO 1 - COTIZACIONES'!D5 -> UND | E5: ='ANEXO 1 - COTIZACIONES'!E5 -> 1 | G5: ='ANEXO 1 - COTIZACIONES'!Q5 -> 206428 | I5: =+G5 -> 206428 | J5: =ROUND(I5*19%,0) -> 39221 | K5: =+J5+I5 -> 245649 | L5: =+K5*E5 -> 245649
A6: ='ANEXO 1 - COTIZACIONES'!A6 -> 2 | C6: ='ANEXO 1 - COTIZACIONES'!C6 -> 3 A 7 | D6: ='ANEXO 1 - COTIZACIONES'!D6 -> UND | E6: ='ANEXO 1 - COTIZACIONES'!E6 -> 1 | G6: ='ANEXO 1 - COTIZACIONES'!Q6 -> 206680 | I6: =+G6 -> 206680 | J6: =ROUND(I6*19%,0) -> 39269 | K6: =+J6+I6 -> 245949 | L6: =+K6*E6 -> 245949
A7: ='ANEXO 1 - COTIZACIONES'!A7 -> 3 | C7: ='ANEXO 1 - COTIZACIONES'!C7 -> 8 A 16 | D7: ='ANEXO 1 - COTIZACIONES'!D7 -> UND | E7: ='ANEXO 1 - COTIZACIONES'!E7 -> 1 | G7: ='ANEXO 1 - COTIZACIONES'!Q7 -> 206932 | I7: =+G7 -> 206932 | J7: =ROUND(I7*19%,0) -> 39317 | K7: =+J7+I7 -> 246249 | L7: =+K7*E7 -> 246249
A8: ='ANEXO 1 - COTIZACIONES'!A8 -> 4 | C8: ='ANEXO 1 - COTIZACIONES'!C8 -> 17 A MAS | D8: ='ANEXO 1 - COTIZACIONES'!D8 -> UND | E8: ='ANEXO 1 - COTIZACIONES'!E8 -> 1 | G8: ='ANEXO 1 - COTIZACIONES'!Q8 -> 206680 | I8: =+G8 -> 206680 | J8: =ROUND(I8*19%,0) -> 39269 | K8: =+J8+I8 -> 245949 | L8: =+K8*E8 -> 245949
A9: ='ANEXO 1 - COTIZACIONES'!A9 -> 5 | B9: LIVIANOS | C9: ='ANEXO 1 - COTIZACIONES'!C9 -> 0 A 2 | D9: ='ANEXO 1 - COTIZACIONES'!D9 -> UND | E9: ='ANEXO 1 - COTIZACIONES'!E9 -> 1 | G9: ='ANEXO 1 - COTIZACIONES'!Q9 -> 306806 | I9: =+G9 -> 306806 | J9: =ROUND(I9*19%,0) -> 58293 | K9: =+J9+I9 -> 365099 | L9: =+K9*E9 -> 365099
A10: ='ANEXO 1 - COTIZACIONES'!A10 -> 6 | C10: ='ANEXO 1 - COTIZACIONES'!C10 -> 3 A 7 | D10: ='ANEXO 1 - COTIZACIONES'!D10 -> UND | E10: ='ANEXO 1 - COTIZACIONES'!E10 -> 1 | G10: ='ANEXO 1 - COTIZACIONES'!Q10 -> 307058 | I10: =+G10 -> 307058 | J10: =ROUND(I10*19%,0) -> 58341 | K10: =+J10+I10 -> 365399 | L10: =+K10*E10 -> 365399
A11: ='ANEXO 1 - COTIZACIONES'!A11 -> 7 | C11: ='ANEXO 1 - COTIZACIONES'!C11 -> 8 A 16 | D11: ='ANEXO 1 - COTIZACIONES'!D11 -> UND | E11: ='ANEXO 1 - COTIZACIONES'!E11 -> 1 | G11: ='ANEXO 1 - COTIZACIONES'!Q11 -> 307395 | I11: =+G11 -> 307395 | J11: =ROUND(I11*19%,0) -> 58405 | K11: =+J11+I11 -> 365800 | L11: =+K11*E11 -> 365800
A12: ='ANEXO 1 - COTIZACIONES'!A12 -> 8 | C12: ='ANEXO 1 - COTIZACIONES'!C12 -> 17 A MAS | D12: ='ANEXO 1 - COTIZACIONES'!D12 -> UND | E12: ='ANEXO 1 - COTIZACIONES'!E12 -> 1 | G12: ='ANEXO 1 - COTIZACIONES'!Q12 -> 307058 | I12: =+G12 -> 307058 | J12: =ROUND(I12*19%,0) -> 58341 | K12: =+J12+I12 -> 365399 | L12: =+K12*E12 -> 365399
A13: ='ANEXO 1 - COTIZACIONES'!A13 -> 9 | B13: PESADOS | C13: ='ANEXO 1 - COTIZACIONES'!C13 -> 0 A 2 | D13: ='ANEXO 1 - COTIZACIONES'!D13 -> UND | E13: ='ANEXO 1 - COTIZACIONES'!E13 -> 1 | G13: ='ANEXO 1 - COTIZACIONES'!Q13 -> 470672 | I13: =+G13 -> 470672 | J13: =ROUND(I13*19%,0) -> 89428 | K13: =+J13+I13 -> 560100 | L13: =+K13*E13 -> 560100
A14: ='ANEXO 1 - COTIZACIONES'!A14 -> 10 | C14: ='ANEXO 1 - COTIZACIONES'!C14 -> 3 A 7 | D14: ='ANEXO 1 - COTIZACIONES'!D14 -> UND | E14: ='ANEXO 1 - COTIZACIONES'!E14 -> 1 | G14: ='ANEXO 1 - COTIZACIONES'!Q14 -> 470924 | I14: =+G14 -> 470924 | J14: =ROUND(I14*19%,0) -> 89476 | K14: =+J14+I14 -> 560400 | L14: =+K14*E14 -> 560400
A15: ='ANEXO 1 - COTIZACIONES'!A15 -> 11 | C15: ='ANEXO 1 - COTIZACIONES'!C15 -> 8 A 16 | D15: ='ANEXO 1 - COTIZACIONES'!D15 -> UND | E15: ='ANEXO 1 - COTIZACIONES'!E15 -> 1 | G15: ='ANEXO 1 - COTIZACIONES'!Q15 -> 471176 | I15: =+G15 -> 471176 | J15: =ROUND(I15*19%,0) -> 89523 | K15: =+J15+I15 -> 560699 | L15: =+K15*E15 -> 560699
A16: ='ANEXO 1 - COTIZACIONES'!A16 -> 12 | C16: ='ANEXO 1 - COTIZACIONES'!C16 -> 17 A MAS | D16: ='ANEXO 1 - COTIZACIONES'!D16 -> UND | E16: ='ANEXO 1 - COTIZACIONES'!E16 -> 1 | G16: ='ANEXO 1 - COTIZACIONES'!Q16 -> 470924 | I16: =+G16 -> 470924 | J16: =ROUND(I16*19%,0) -> 89476 | K16: =+J16+I16 -> 560400 | L16: =+K16*E16 -> 560400
A17: TOTAL | L17: =SUM(L5:L16) -> 4687092
C19: NOTAS:
C20: 1) Para establecer los valores del mercado, se tomaron los valores del análisis de cotizaciones
C21: 2) En el presente análisis se aplicó el procedimiento de aproximación generalmente aceptado por las reglas matemáticas denominado redondeo, que consiste en acercar los valores decimales al número entero más aproximado (esto es, si el tercer decimal es menor que 5, el segundo decimal se mantiene; si el tercer decimal es igual o mayor que 5, el segundo decimal se incrementa en uno)

Sheet ANEXO 3 - EST SECTOR
A1: ANEXO 3 - ESTUDIO DEL SECTOR
D2: Seccional Santander en Bucaramanga y Área Metropolitana, San Gil, Barbosa, Málaga, Barrancabermeja. En la Seccional Norte de Santander en Cúcuta, Ocaña y Área Metropolita; en la seccional Arauca en Arauca.
A3: NECESIDAD | G3: ESTUDIO DEL SECTOR
A4: ÍTEM | B4: TIPO DE VEHICULO | C4: DESCRIPCIÓN BIEN O SERVICIO RANGO DEL MODELO | D4: UNIDAD DE MEDIDA | E4: CANTIDAD | G4: VALOR UNITARIO SIN IVA | H4: VALOR IVA | I4: VALOR UNITARIO INCLUIDO IVA | J4: VALOR TOTAL INCLUIDO IVA
A5: ='ANEXO 1 - COTIZACIONES'!A5 -> 1 | B5: MOTOCICLETAS | C5: ='ANEXO 1 - COTIZACIONES'!C5 -> 0 A 2 | D5: ='ANEXO 1 - COTIZACIONES'!D5 -> UND | E5: ='ANEXO 1 - COTIZACIONES'!E5 -> 1 | G5: ='ANEXO 2 - PROY COSTOS'!I5 -> 206428 | H5: =ROUND(G5*19%,0) -> 39221 | I5: =+H5+G5 -> 245649 | J5: =+I5*E5 -> 245649
A6: ='ANEXO 1 - COTIZACIONES'!A6 -> 2 | C6: ='ANEXO 1 - COTIZACIONES'!C6 -> 3 A 7 | D6: ='ANEXO 1 - COTIZACIONES'!D6 -> UND | E6: ='ANEXO 1 - COTIZACIONES'!E6 -> 1 | G6: ='ANEXO 2 - PROY COSTOS'!I6 -> 206680 | H6: =ROUND(G6*19%,0) -> 39269 | I6: =+H6+G6 -> 245949 | J6: =+I6*E6 -> 245949
A7: ='ANEXO 1 - COTIZACIONES'!A7 -> 3 | C7: ='ANEXO 1 - COTIZACIONES'!C7 -> 8 A 16 | D7: ='ANEXO 1 - COTIZACIONES'!D7 -> UND | E7: ='ANEXO 1 - COTIZACIONES'!E7 -> 1 | G7: ='ANEXO 2 - PROY COSTOS'!I7 -> 206932 | H7: =ROUND(G7*19%,0) -> 39317 | I7: =+H7+G7 -> 246249 | J7: =+I7*E7 -> 246249
A8: ='ANEXO 1 - COTIZACIONES'!A8 -> 4 | C8: ='ANEXO 1 - COTIZACIONES'!C8 -> 17 A MAS | D8: ='ANEXO 1 - COTIZACIONES'!D8 -> UND | E8: ='ANEXO 1 - COTIZACIONES'!E8 -> 1 | G8: ='ANEXO 2 - PROY COSTOS'!I8 -> 206680 | H8: =ROUND(G8*19%,0) -> 39269 | I8: =+H8+G8 -> 245949 | J8: =+I8*E8 -> 245949
A9: ='ANEXO 1 - COTIZACIONES'!A9 -> 5 | B9: LIVIANOS | C9: ='ANEXO 1 - COTIZACIONES'!C9 -> 0 A 2 | D9: ='ANEXO 1 - COTIZACIONES'!D9 -> UND | E9: ='ANEXO 1 - COTIZACIONES'!E9 -> 1 | G9: ='ANEXO 2 - PROY COSTOS'!I9 -> 306806 | H9: =ROUND(G9*19%,0) -> 58293 | I9: =+H9+G9 -> 365099 | J9: =+I9*E9 -> 365099
A10: ='ANEXO 1 - COTIZACIONES'!A10 -> 6 | C10: ='ANEXO 1 - COTIZACIONES'!C10 -> 3 A 7 | D10: ='ANEXO 1 - COTIZACIONES'!D10 -> UND | E10: ='ANEXO 1 - COTIZACIONES'!E10 -> 1 | G10: ='ANEXO 2 - PROY COSTOS'!I10 -> 307058 | H10: =ROUND(G10*19%,0) -> 58341 | I10: =+H10+G10 -> 365399 | J10: =+I10*E10 -> 365399
A11: ='ANEXO 1 - COTIZACIONES'!A11 -> 7 | C11: ='ANEXO 1 - COTIZACIONES'!C11 -> 8 A 16 | D11: ='ANEXO 1 - COTIZACIONES'!D11 -> UND | E11: ='ANEXO 1 - COTIZACIONES'!E11 -> 1 | G11: ='ANEXO 2 - PROY COSTOS'!I11 -> 307395 | H11: =ROUND(G11*19%,0) -> 58405 | I11: =+H11+G11 -> 365800 | J11: =+I11*E11 -> 365800
A12: ='ANEXO 1 - COTIZACIONES'!A12 -> 8 | C12: ='ANEXO 1 - COTIZACIONES'!C12 -> 17 A MAS | D12: ='ANEXO 1 - COTIZACIONES'!D12 -> UND | E12: ='ANEXO 1 - COTIZACIONES'!E12 -> 1 | G12: ='ANEXO 2 - PROY COSTOS'!I12 -> 307058 | H12: =ROUND(G12*19%,0) -> 58341 | I12: =+H12+G12 -> 365399 | J12: =+I12*E12 -> 365399
A13: ='ANEXO 1 - COTIZACIONES'!A13 -> 9 | B13: PESADOS | C13: ='ANEXO 1 - COTIZACIONES'!C13 -> 0 A 2 | D13: ='ANEXO 1 - COTIZACIONES'!D13 -> UND | E13: ='ANEXO 1 - COTIZACIONES'!E13 -> 1 | G13: ='ANEXO 2 - PROY COSTOS'!I13 -> 470672 | H13: =ROUND(G13*19%,0) -> 89428 | I13: =+H13+G13 -> 560100 | J13: =+I13*E13 -> 560100
A14: ='ANEXO 1 - COTIZACIONES'!A14 -> 10 | C14: ='ANEXO 1 - COTIZACIONES'!C14 -> 3 A 7 | D14: ='ANEXO 1 - COTIZACIONES'!D14 -> UND | E14: ='ANEXO 1 - COTIZACIONES'!E14 -> 1 | G14: ='ANEXO 2 - PROY COSTOS'!I14 -> 470924 | H14: =ROUND(G14*19%,0) -> 89476 | I14: =+H14+G14 -> 560400 | J14: =+I14*E14 -> 560400
A15: ='ANEXO 1 - COTIZACIONES'!A15 -> 11 | C15: ='ANEXO 1 - COTIZACIONES'!C15 -> 8 A 16 | D15: ='ANEXO 1 - COTIZACIONES'!D15 -> UND | E15: ='ANEXO 1 - COTIZACIONES'!E15 -> 1 | G15: ='ANEXO 2 - PROY COSTOS'!I15 -> 471176 | H15: =ROUND(G15*19%,0) -> 89523 | I15: =+H15+G15 -> 560699 | J15: =+I15*E15 -> 560699
A16: ='ANEXO 1 - COTIZACIONES'!A16 -> 12 | C16: ='ANEXO 1 - COTIZACIONES'!C16 -> 17 A MAS | D16: ='ANEXO 1 - COTIZACIONES'!D16 -> UND | E16: ='ANEXO 1 - COTIZACIONES'!E16 -> 1 | G16: ='ANEXO 2 - PROY COSTOS'!I16 -> 470924 | H16: =ROUND(G16*19%,0) -> 89476 | I16: =+H16+G16 -> 560400 | J16: =+I16*E16 -> 560400
A17: TOTAL | J17: =SUM(J5:J16) -> 4687092
C19: NOTAS:
C20: 1) Para establecer los valores del mercado, se tomaron los valores del análisis de cotizaciones
C21: 2) En el presente análisis se aplicó el procedimiento de aproximación generalmente aceptado por las reglas matemáticas denominado redondeo, que consiste en acercar los valores decimales al número entero más aproximado (esto es, si el tercer decimal es menor que 5, el segundo decimal se mantiene; si el tercer decimal es igual o mayor que 5, el segundo decimal se incrementa en uno)
